 Dungeon Crawl Stone Soup version 0.30-a0-778-g2ef04afb54 (webtiles) character file.

Game seed: 6482033359442792528

93533 Monkooky the Frost Mage (level 15, -13/150 HPs)
             Began as a Demigod Transmuter on Feb 16, 2023.
             Blown up by an orb spider (72 damage)
             ... with an orb of destruction
             ... on level 1 of the Spider Nest on Feb 17, 2023.
             The game lasted 01:35:00 (28417 turns).

Monkooky the Frost Mage (Demigod Transmuter)       Turns: 28417, Time: 01:35:00

Health: -13/150    AC: 17    Str: 19    XL:     15   Next: 18%
Magic:  2/29       EV: 13    Int: 27    God:
Gold:   1028       SH:  0    Dex: 14    Spells: 4/26 levels left

rFire   x x .      SeeInvis .      - Unarmed
rCold   + + +      Faith    .    (shield currently unavailable)
rNeg    . . .      Spirit   .    (body armour currently unavailable)
rPois   +          Reflect  .    (helmet currently unavailable)
rElec   .          Harm     .    (cloak currently unavailable)
rCorr   .          Rampage  .    (gloves currently unavailable)
Will    +....                    (boots currently unavailable)
Stlth   +                        (no amulet)
HPRegen 0.45/turn                A - ring of ice
MPRegen 0.21/turn                s - +4 ring of protection

@: ice-form (expiring), wereblooded, corroded
A: freezing attack, amphibious, boosted hp, large, high MP 1, forlorn, divine
attributes
a: End Transformation


You were on level 1 of the Spider Nest.
You were a creature of crystalline ice.
You visited 5 branches of the dungeon, and saw 21 of its levels.

You collected 3267 gold pieces.
You spent 2239 gold pieces at shops.

Inventory:

Missiles
 m - 9 javelins
 r - 5 throwing nets
Armour
 D - a +2 robe of the Archmagi (melded)
 K - a +1 cloak (melded)
 O - a +1 helmet (melded)
 X - the +0 pair of boots "Mucveh" {rPois rN+ Will-}
   (You bought it in a shop on level 2 of the Orcish Mines)

   rPois:     It protects you from poison.
   rN:        It protects you from negative energy.
   Will:      It decreases your willpower.
Magical Staves
 x - a staff of cold (melded)
 C - a staff of conjuration
Jewellery
 l - a ring of magical power
 s - a +4 ring of protection (right front paw)
 A - a ring of ice (left front paw)
 M - a +6 ring of dexterity
 Q - a ring of ice
 S - the ring of Vobba {Fire rCorr Int+3}
   (You found it on level 3 of the Lair of Beasts)

   [ring of fire]

   It enhances your fire magic.
   Int:       It affects your intelligence (+3).
   rF:        It protects you from fire.
   rC:        It makes you vulnerable to cold.
   rCorr:     It protects you from acid and corrosion.
Wands
 f - a wand of digging (5)
 i - a wand of charming (4)
 u - a wand of iceblast (12)
 N - a wand of flame (13)
 P - a wand of polymorph (10)
Scrolls
 c - 6 scrolls of teleportation
 d - 3 scrolls of vulnerability
 g - 2 scrolls of magic mapping
 j - 2 scrolls of immolation
 k - 2 scrolls of torment
 n - 4 scrolls of silence
 p - 3 scrolls of poison
 q - 6 scrolls of amnesia
 v - 4 scrolls of enchant armour
 y - a scroll of fog
 I - 2 scrolls of blinking
 L - 2 scrolls of enchant weapon
 Y - a scroll of identify
Potions
 a - a potion of invisibility
 b - 3 potions of lignification
 e - a potion of berserk rage
 h - a potion of might
 o - a potion of cancellation {unknown}
 t - 2 potions of flight {unknown}
 w - 6 potions of curing
 z - 3 potions of haste {unknown}
 B - a potion of magic
 E - 3 potions of attraction {unknown}
 F - a potion of brilliance
 G - 2 potions of resistance {unknown}
 J - a potion of mutation {unknown}
Miscellaneous
 V - a phial of floods
 W - a phantom mirror (inert)


   Skills:
 - Level 9.6 Fighting
 - Level 9.1 Dodging
 - Level 10.0 Unarmed Combat
 - Level 6.4 Spellcasting
 - Level 7.0 Conjurations
 * Level 5.1 Necromancy
 - Level 4.4 Translocations
 - Level 6.7 Transmutations
 - Level 12.9 Ice Magic
 - Level 7.0 Air Magic
 - Level 3.1 Poison Magic
 - Level 5.4 Evocations


You had 4 spell levels left.
You knew the following spells:

 Your Spells              Type           Power      Damage    Failure   Level
a - Beastly Appendage     Tmut           88%        N/A       1%          1
b - Simulacrum            Ice/Necr       36%        N/A       24%         6
c - Ice Form              Ice/Tmut       75%        N/A       1%          4
d - Wereblood             Tmut           44%        N/A       1%          2
e - Vhi's Electric Charg  Tloc/Air       78%        N/A       1%          3
f - Apportation           Tloc           64%        N/A       1%          1
g - Freezing Cloud        Conj/Ice/Air   36%        6-21      4%          5

Your spell library contained the following spells:

 Spells                   Type           Power      Damage    Failure   Level
 Necrotise                Necr           100%       1d9       1%          1
 Shock                    Conj/Air       100%       1d9       1%          1
 Cigotuvi's Dreadful Rot  Necr/Pois/Air  72%        N/A       1%          2
 Poisonous Vapours        Pois/Air       72%        N/A       1%          2
 Static Discharge         Conj/Air       92%        2-6/arc   1%          2
 Sublimation of Blood     Necr           36%        N/A       1%          2
 Mephitic Cloud           Conj/Pois/Air  39%        N/A       1%          3
 Swiftness                Air            46%        N/A       1%          3
 Spider Form              Tmut/Pois      35%        N/A       2%          3
 Vampiric Draining        Necr           36%        2d8       2%          3
 Airstrike                Air            23%        2d(4-20)  3%          4
 Ignite Poison            Fire/Tmut/Pois 26%        N/A       4%          3
 Stone Arrow              Conj/Erth      54%        3d10      4%          3
 Sticky Flame             Conj/Fire      27%        2d5       14%         4
 Inner Flame              Hex/Fire       8%         N/A       19%         3
 Animate Armour           Summ/Erth      16%        N/A       52%         4
 Arcjolt                  Conj/Air       23%        1d33      10%         5
 Lightning Bolt           Conj/Air       23%        1d38      10%         5
 Agony                    Necr           36%        N/A       21%         5
 Alistair's Intoxication  Tmut/Pois      23%        N/A       22%         5
 Summon Forest            Summ/Tloc      10%        N/A       56%         5
 Summon Hydra             Summ           4%         N/A       100%        7
 Ignition                 Fire           4%         3d4       100%        8
 Lehudib's Crystal Spear  Conj/Erth      13%        10d5      100%        8
 Polar Vortex             Ice            43%        N/A       100%        9


Dungeon Overview and Level Annotations

Branches:
Dungeon (12/15)            Temple (1/1) D:7            Lair (5/5) D:8
 Shoals (0/4) Lair:2       Spider (1/4) Lair:3        Slime (0/5) Lair:5
    Orc (2/2) D:10            Elf (0/3) Orc:2

Shops:
D:3 [   D:6 =:[*(   Orc:2 ?([(*

Annotations:
D:11 3 runed translucent doors, epsilonplus's ghost, journeyman DsRe
Lair:5 1 runed translucent door


Innate Abilities, Weirdness & Mutations

You are a creature of crystalline ice.
You have a powerful freezing melee attack.
You are amphibious.
Your maximum health is increased.
Your armour is entirely melded.
You are incapable of wielding weapons or throwing items.
You have an increased reservoir of magic. (+10% MP)
You shall have no god before yourself.
Your divine heritage dramatically boosts your attributes as you level up.


Message History

You hear a hideous shriek!
Casting: Freezing Cloud (mildly dangerous; 4% risk of failure)
Confirm with . or Enter, or press ? or * to list all spells.
Aiming: Simulacrum (dangerous; 24% risk of failure)
Press: ? - help, Shift-Dir - straight line, f - entropy weaver
Aim: an entropy weaver (lightly wounded, ally target)
Okay, then.
Casting: Simulacrum (dangerous; 24% risk of failure)
Confirm with . or Enter, or press ? or * to list all spells.
Okay, then.
You hear a skittering sound.
Your redback simulacrum bites the entropy weaver!
Your redback simulacrum freezes the entropy weaver!!
The entropy weaver hits your redback simulacrum! x3
Your redback simulacrum vaporises!
The entropy weaver shouts!
You hear a faint skittering sound.
You see here a wolf spider corpse.
Aiming: Freezing Cloud (mildly dangerous; 4% risk of failure)
Press: ? - help, Q - select action, (/) - cycle Dir - move target, f - entropy weaver
Aim: an entropy weaver (severely wounded)
You feel a surge of power!
The entropy weaver is engulfed in freezing vapours.
You pummel the entropy weaver!! You freeze the entropy weaver.
You feel a bit better.
You kill the entropy weaver!
The orb spider is engulfed in freezing vapours.
The orb spider weaves a glowing orb of energy.
Your Necromancy skill increases to level 5!
An orb of destruction comes into view.
Aiming: Phantom Mirror
Press: ? - help, Dir - move target, f - orb spider
Aim: an orb spider (lightly wounded)
You reflect the orb spider with the mirror!
The mirror clouds!
You hear a faint skittering sound.
Your orb spider is engulfed in freezing vapours.
Your orb spider pulsates with a strange energy.
The orb of destruction hits you!!!!
You die...

*,,,,,,......,.##.#
,,,,**,......##...#
,,,,,.#......#....* ##
,,,,,............##
#§#
*,,,,.............##§#
,,,,,.....#......##§#
,,,,,............#§#
,,,,,........s.##§#
,,,,^..>......##Y#
,,*,,.......s##○##
*,,,,#.......#○##
,,,,,#...#...s.#
..,,*#.#..§s§☼##
..,*,#*##§§☼###
..,*,,..§○§#*
..,,,,..§☼#*
..,,,..###*


You could see an orb spider (ally target) and a friendly orb spider (summoned,
charged, drained).

Vanquished Creatures
  Saint Roka (Orc:2)
  An orc warlord (Orc:1)
  A dire elephant (Lair:3)
  Josephine (D:11)
  2 entropy weavers (Spider:1)
  Fannar (Lair:2)
  Harold (D:10)
  3 hydras
  3 two-headed ogres
  2 catoblepae
  Erica (D:8)
  12 death yaks
  An orc high priest (Orc:2)
  Nergalle (D:11)
  3 skeletal warriors (D:12)
  A skyshark (Lair:4)
  2 pharaoh ants (Spider:1)
  4 steelbarb worms
  A lindwurm (Lair:5)
  5 orc knights
  An ugly thing (D:11)
  5 wolf spiders
  An orc sorcerer (Orc:2)
  11 elephants (Lair:5)
  A cyclops (D:11)
  A salamander (shapeshifter) (D:12)
  A guardian serpent (Lair:5)
  3 manticores
  3 demonic crawlers (Spider:1)
  Joseph (D:10)
  3 torpor snails
  12 black mambas
  Maurice (D:8)
  A gargoyle (D:12)
  21 cane toads
  3 rime drakes
  11 komodo dragons
  4 polar bears
  5 trolls
  Grinder (D:5)
  3 tarantellas (Spider:1)
  13 blink frogs
  Prince Ribbit (D:5)
  A snapping turtle (Lair:2)
  6 dream sheep
  3 hornets
  A jumping spider (Spider:1)
  3 culicivoras (Spider:1)
  2 vampires
  3 shadows
  6 slime creatures (D:12)
  5 wraiths
  72 yaks
  3 basilisks
  17 wyverns
  Grum (D:11)
  20 redbacks
  4 vampire mosquitoes (D:12)
  Menkaure (D:5)
  Edmund (D:6)
  6 wargs
  An acid dragon (D:10)
  21 water moccasins
  3 black bears
  A sky beast (D:7)
  51 orc warriors
  4 ogres
  21 wolves
  10 centaurs
  A phantom (D:5)
  3 kobold brigands
  Blork the orc (D:4)
  10 bullfrogs
  A necrophage (D:8)
  3 scorpions
  4 wights (D:7)
  4 howler monkeys
  An electric eel (Lair:2)
  6 hounds
  A gnoll bouda (D:6)
  25 orc priests
  A jelly (D:7)
  3 iguanas
  30 orc wizards
  8 adders
  9 gnolls
  A white imp (D:6)
  A worm (D:2)
  3 dart slugs
  123 orcs
  9 bats
  8 endoplasms
  A giant cockroach (D:3)
  7 goblins
  3 hobgoblins (D:1)
  A jackal (D:2)
  20 kobolds
  5 quokkas
  6 ball pythons
  3 frilled lizards
  2 rats
725 creatures vanquished.

Vanquished Creatures (collateral kills)
  A demonic crawler (Spider:1)
1 creature vanquished.

Vanquished Creatures (others)
  An orc wizard (D:9)
  47 fungi
  85 plants
133 creatures vanquished.

Grand Total: 859 creatures vanquished

Notes
Turn   | Place    | Note
-------+----------+-------------------------------------------
     0 | D:1      | Monkooky the Demigod Transmuter began the quest for the
                  | Orb.
     0 | D:1      | Reached XP level 1. HP: 15/15 MP: 5/5
   243 | D:1      | Reached XP level 2. HP: 22/22 MP: 5/7
   934 | D:2      | You fall into a shaft and drop 1 floor!
  1168 | D:2      | Reached XP level 3. HP: 27/27 MP: 6/8
  1268 | D:2      | Learned a level 3 spell: Spider Form
  2411 | D:3      | Found Xaesoeva's Armour Boutique.
  2684 | D:4      | Reached XP level 4. HP: 34/34 MP: 7/9
  2731 | D:4      | Noticed Blork the orc
  2879 | D:4      | Reached skill level 1 in Ice Magic
  2879 | D:4      | Reached XP level 5. HP: 29/39 MP: 3/10
  2884 | D:4      | Learned a level 4 spell: Ice Form
  2978 | D:4      | Noticed a black bear
  2995 | D:4      | Killed a black bear
  2996 | D:4      | Reached skill level 3 in Ice Magic
  3212 | D:4      | Reached XP level 6. HP: 39/46 MP: 12/12
  3567 | D:4      | Reached skill level 4 in Ice Magic
  4131 | D:4      | Killed Blork the orc
  4220 | D:5      | Entered Level 5 of the Dungeon
  4244 | D:5      | Noticed Menkaure
  4258 | D:5      | Killed Menkaure
  4259 | D:5      | Reached XP level 7. HP: 27/51 MP: 1/13
  4410 | D:5      | Reached skill level 5 in Transmutations
  4410 | D:5      | Reached skill level 5 in Ice Magic
  5236 | D:6      | Found Evagot's Jewellery Shop.
  5236 | D:6      | Found Xacwot's Book Emporium.
  5243 | D:6      | Reached XP level 8. HP: 57/58 MP: 11/16
  5324 | D:6      | Learned a level 2 spell: Wereblood
  5328 | D:6      | Learned a level 3 spell: Vhi's Electric Charge
  5339 | D:6      | Found Xugroe's Antique Armour Emporium.
  5360 | D:6      | Reached skill level 6 in Ice Magic
  5527 | D:6      | Found Baruibaz's Assorted Antiques.
  5617 | D:6      | Noticed Grinder
  5624 | D:6      | Noticed Prince Ribbit
  5645 | D:5      | Paralysed by Grinder for 4 turns
  5664 | D:5      | Killed Grinder
  5808 | D:5      | Killed Prince Ribbit
  5908 | D:6      | Reached skill level 1 in Fighting
  6022 | D:6      | Found Gosehusk's Weapon Shoppe.
  6216 | D:6      | Noticed Edmund
  6224 | D:6      | Killed Edmund
  6629 | D:7      | Reached XP level 9. HP: 71/71 MP: 18/18
  7470 | D:3      | Bought a +2 robe of the Archmagi for 377 gold pieces
  7753 | D:8      | Found a staircase to the Lair.
  7826 | D:8      | Reached skill level 1 in Translocations
  7826 | D:8      | Reached skill level 1 in Air Magic
  8162 | D:8      | Noticed Erica
  8241 | D:7      | Found a staircase to the Ecumenical Temple.
  8249 | Temple   | Entered the Ecumenical Temple
  8552 | D:8      | Killed Erica
  8693 | D:8      | Identified the +7 spear of Fragile Peace {vamp, rF+ Str+3}
  8779 | D:8      | Noticed Maurice
  8793 | D:8      | Killed Maurice
  9380 | D:9      | Reached skill level 5 in Spellcasting
  9380 | D:9      | Reached XP level 10. HP: 75/80 MP: 16/21
  9665 | D:9      | HP: 4/96 [yak (10)]
 10011 | D:9      | Reached skill level 5 in Unarmed Combat
 10218 | D:9      | Got the Guide on the Smouldering Band
 10292 | D:10     | Entered Level 10 of the Dungeon
 10507 | D:10     | Noticed Harold
 10514 | D:10     | Killed Harold
 10677 | D:10     | Learned a level 1 spell: Apportation
 11122 | D:10     | Reached XP level 11. HP: 35/85 MP: 24/24
 11447 | D:10     | Found a staircase to the Orcish Mines.
 11533 | D:10     | Noticed Joseph
 11538 | D:10     | Killed Joseph
 11774 | Lair:1   | Entered Level 1 of the Lair of Beasts
 11827 | Lair:1   | Reached skill level 5 in Fighting
 12382 | Lair:1   | Reached skill level 10 in Unarmed Combat
 13064 | Lair:2   | Noticed a catoblepas
 13076 | Lair:2   | Killed a catoblepas
 13648 | Lair:2   | Noticed Fannar
 13659 | Lair:2   | Killed Fannar
 13762 | Lair:2   | Found a staircase to the Shoals.
 13901 | Lair:2   | Reached XP level 12. HP: 105/105 MP: 21/25
 14653 | Lair:3   | Reached skill level 5 in Dodging
 14700 | Lair:3   | Found a hole to the Spider Nest.
 14722 | Lair:3   | Noticed a six-headed hydra
 14725 | Lair:3   | Killed a six-headed hydra
 15090 | Lair:3   | Reached skill level 1 in Poison Magic
 15120 | Lair:3   | Identified the +2 shortbow "Woifrece" {freeze, Contam rF+
                  | Dex+8}
 15388 | Lair:3   | Noticed a dire elephant
 15409 | Lair:3   | Killed a dire elephant
 15417 | Lair:3   | Identified the ring of Vobba {Fire rCorr Int+3}
 16826 | Orc:1    | Entered Level 1 of the Orcish Mines
 17256 | D:6      | Bought a book of Ice for 644 gold pieces
 17262 | D:6      | Learned a level 5 spell: Freezing Cloud
 17452 | Lair:4   | Got the Atlas of Burning and the Undead
 17515 | Lair:4   | Reached skill level 1 in Conjurations
 17572 | Lair:4   | Reached XP level 13. HP: 111/111 MP: 18/26
 18122 | Lair:5   | Entered Level 5 of the Lair of Beasts
 18357 | Lair:5   | Reached skill level 5 in Conjurations
 18878 | Lair:5   | Reached skill level 7 in Ice Magic
 18878 | Lair:5   | Reached skill level 5 in Air Magic
 19408 | Lair:5   | Reached skill level 8 in Ice Magic
 19977 | Lair:5   | Found a runed translucent door.
 19982 | Lair:5   | Found a staircase to the Slime Pits.
 19982 | Lair:5   | Noticed an acid blob
 19983 | Lair:5   | Noticed an acid blob
 20239 | Lair:5   | Reached skill level 9 in Ice Magic
 20398 | Lair:5   | Reached XP level 14. HP: 118/118 MP: 18/27
 20648 | Lair:5   | Reached skill level 10 in Ice Magic
 21651 | D:11     | Reached skill level 1 in Evocations
 21932 | D:11     | Found a runed translucent gate.
 21932 | D:11     | Found a runed translucent gate.
 21933 | D:11     | Found a runed translucent gate.
 21936 | D:11     | Noticed epsilonplus's ghost (journeyman DsRe)
 21943 | D:11     | Identified the +3 scimitar of Descent {freeze, Dex+2}
 22085 | D:11     | Noticed Grum
 22091 | D:11     | Killed Grum
 22367 | D:11     | Noticed Nergalle
 22377 | D:11     | Killed Nergalle
 22613 | D:11     | Noticed Josephine
 22628 | D:11     | Killed Josephine
 22924 | Orc:2    | Entered Level 2 of the Orcish Mines
 22928 | Orc:2    | Reached skill level 5 in Evocations
 23546 | Orc:2    | Found a staircase to the Elven Halls.
 24374 | Orc:1    | Noticed an orc warlord
 24388 | Orc:1    | Killed an orc warlord
 24389 | Orc:1    | Reached skill level 11 in Ice Magic
 24764 | Orc:2    | Found Xomao's Weapon Shoppe.
 25032 | Orc:2    | Found Dogejaf's General Store.
 25243 | Orc:2    | Found Hohy's Magic Scroll Emporium.
 25726 | Orc:2    | Noticed Saint Roka
 25741 | Orc:2    | Killed Saint Roka
 26127 | Orc:2    | Reached skill level 12 in Ice Magic
 26267 | Orc:2    | Found Keitetzu's Antique Armour Shop.
 26269 | Orc:2    | Found Umoim's Antique Weapon Boutique.
 26876 | D:12     | Identified the +0 chain mail "Fenluwe" {Int+3}
 27028 | Orc:2    | Bought a scroll of acquirement for 780 gold pieces
 27034 | Orc:2    | Acquired 1353 gold pieces
 27037 | Orc:2    | Bought a scroll of fear for 60 gold pieces
 27037 | Orc:2    | Bought a scroll of blinking for 112 gold pieces
 27088 | Orc:2    | Bought a pair of faintly glowing boots for 266 gold pieces
 27088 | Orc:2    | Identified the +0 pair of boots "Mucveh" {rPois rN+ Will-}
                  | (You bought it in a shop on level 2 of the Orcish Mines)
 27778 | Spider:1 | Entered Level 1 of the Spider Nest
 27888 | Lair:3   | Learned a level 6 spell: Simulacrum
 27899 | Spider:1 | Reached XP level 15. HP: 91/125 MP: 25/29
 27987 | Spider:1 | Reached skill level 1 in Necromancy
 28377 | Spider:1 | HP: 4/150 [demonic crawler (11)]
 28416 | Spider:1 | Reached skill level 5 in Necromancy
 28417 | Spider:1 | Blown up by an orb spider

Illustrated notes

Levels and vault maps discovered:
D:1:      minmay_arrival_open_corners, layout_loops_ring,
          dilly_ecumenical_altar_fadedgnrine
D:2:      kennysheep_six_static_rooms, layout_basic
D:3:      layout_loops_ring, mainiacjoe_overflow_cross_hatched, serial_shops,
          nicolae_shop_statue_plus
D:4:      layout_loops_ring, uniq_crazy_yiuf_cottage, uniq_blork_the_orc
D:5:      layout_basic, hangedman_decor_clover_reticule, uniq_menkaure
D:6:      layout_rooms, mainiacjoe_overflow_tiny_flanked, serial_shops,
          nicolae_square_shop, shop,
          nicolae_shop_temple_entry_statues_fountains, nicolae_shop_crystal,
          shop, amcnicky_mini_corridor_feature, hellmonk_bongcloud_opening,
          nrook_mini_vaults, eino_small_chamber_without_monster,
          uniq_prince_ribbit1, uniq_edmund, uniq_grinder
D:7:      layout_basic, minmay_temple_entry_from_below_a, minivault_4
D:8:      layout_loops_ring, nicolae_ru_the_path_less_chosen,
          nemelex_diamond_rough_becter, lair_entry_dummy, nicolae_hexahallways,
          hangedman_decor_points, uniq_maurice, uniq_erica
D:9:      cheibrodos_elevator_heist, layout_long_grid,
          nicolae_concentric_dashed_squares_wild,
          nicolae_kite_square_tiling_tiny, kennysheep_generic_room_15
D:10:     layout_roguey, grunt_dithmenos_shadows, mainiacjoe_overflow_alcove_3,
          lemuel_round_altar, hiddenorc1_lemuel, nooodl_orcs_dogs, uniq_joseph,
          uniq_harold
D:11:     layout_irregular_city, biasface_ghost_orc_armoury, uniq_josephine,
          uniq_grum, uniq_nergalle
D:12:     layout_cross
Temple:   chequers_temple_sunken
Lair:1:   layout_roguey, grunt_megastairs_2, infiniplex_staircase_pool,
          lemuel_fruit_fields
Lair:2:   layout_long_grid, minmay_shoals_entry_hut, serial_rivers,
          chequers_serial_rivers_large_a, chequers_serial_rivers_micro_d,
          chequers_serial_rivers_micro_d, chequers_serial_rivers_small_a,
          chequers_serial_rivers_micro_d, uniq_fannar
Lair:3:   nzn_winding_woodlands_cross [nzn_winding_woodlands_5x15_pool,
          nzn_winding_woodlands_5x15_zeroes, nzn_winding_woodlands_5x15_default,
          nzn_winding_woodlands_5x15_eye,
          nzn_winding_woodlands_15x15_boxy_spiral], layout_hall_layers,
          spider_nest_entry_a
Lair:4:   layout_misc_corridors
Lair:5:   hangedman_lair_tendril_chambers, layout_long_grid,
          hangedman_lair_in_review, slime_entry_2, infiniplex_staircase_pool_2
Spider:1: layout_spider_delve, drop_trap, nicolae_spider_shape
Orc:1:    orc_temple, layout_diamond_mine, roderic_batcave
Orc:2:    grunt_orc_community_town_hall, layout_caves,
          grunt_orc_community_big_house_1, grunt_orc_community_big_house_1,
          grunt_orc_community_house_3, grunt_orc_community_house_1,
          grunt_orc_community_house_3, grunt_orc_community_house_1,
          grunt_orc_community_house_1, grunt_orc_community_house_2,
          serial_shops, shop_statue

Skill      XL: |  1  2  3  4  5  6  7  8  9 10 11 12 13 14 15 |
---------------+----------------------------------------------+-----
Unarmed Combat | 3 8 10 | 10.0
Transmutations | 2 3 4 5 6 |  6.7
Spellcasting   | 2 3 5 6 |  6.4
Ice Magic      | 1 3 4 5 6 9 12 | 12.9
Fighting       | 4 9 |  9.6
Translocations | 4 |  4.4
Air Magic      | 4 7 |  7.0
Dodging        | 9 |  9.1
Poison Magic   | 3 |  3.1
Conjurations   | 2 7 |  7.0
Evocations     | 5 |  5.4
Necromancy     | 5 |  5.1

Action                     |  1- 3 |  4- 6 |  7- 9 | 10-12 | 13-15 || total
---------------------------+-------+-------+-------+-------+-------++-------
  Melee: Unarmed           |   123 |   100 |   271 |   550 |   466 ||  1510
         Kick              |    24 |    13 |       |       |       ||    37
         Headbutt          |    12 |     8 |       |       |       ||    20
         Punch             |     1 |     1 |       |       |     3 ||     5
         Staff             |       |       |    22 |     2 |    36 ||    60
  Throw: Throwing net      |       |       |     1 |       |       ||     1
   Cast: Beastly Appendage |    34 |    13 |       |       |       ||    47
         Spider Form       |     2 |     2 |     1 |       |       ||     5
         Ice Form          |       |     4 |    31 |    42 |    54 ||   131
         Vhi's Electric Ch |       |       |     8 |    63 |    16 ||    87
         Wereblood         |       |       |     1 |     7 |    14 ||    22
         Freezing Cloud    |       |       |       |       |   168 ||   168
         Simulacrum        |       |       |       |       |     2 ||     2
Ability: End Transformatio |       |       |     1 |       |     2 ||     3
  Evoke: Wand              |       |       |       |     3 |     3 ||     6
         Phantom mirror    |       |       |       |       |     2 ||     2
         Phial of floods   |       |       |       |       |     1 ||     1
    Use: Potion            |       |     1 |       |     6 |     6 ||    13
         Scroll            |       |     6 |     2 |     4 |    16 ||    28
   Stab: Sleeping          |     1 |       |     1 |       |       ||     2
         Held in net/web   |       |       |     1 |       |       ||     1
 Armour: Robe              |    25 |    25 |    14 |     5 |    16 ||    85
         Skin              |       |    12 |   125 |   233 |   207 ||   577
  Dodge: Dodged            |    83 |    60 |   144 |   276 |   321 ||   884

Table legend: (Time is in decaauts)
 A = Elapsed time spent in this place.
 B = Non-inter-level travel time spent in this place.
 C = Inter-level travel time spent in this place.
 D = Time resting spent in this place.
 E = Time spent auto-exploring this place.
 F = Levels seen in this place.
 G = Mean time per level.
                   A        B        C        D        E       F      G
               +--------+--------+--------+--------+--------+-----+--------+
         Total |  28348 |  26023 |   2325 |   4755 |  16425 |  21 | 1349.9 |
       Dungeon |  14472 |  12967 |   1505 |   1364 |   9357 |  12 | 1206.0 |
        Temple |    336 |    336 |      0 |    116 |    205 |   1 |  336.0 |
          Lair |   9357 |   8746 |    611 |   1934 |   5247 |   5 | 1871.4 |
   Spider Nest |    458 |    458 |      0 |    179 |    105 |   1 |  458.0 |
  Orcish Mines |   3724 |   3517 |    207 |   1162 |   1510 |   2 | 1862.0 |
               +--------+--------+--------+--------+--------+-----+--------+

Top non-repeatable levels by time:
  Lair:5: 3097 daAuts
   Orc:2: 2571 daAuts
  Lair:3: 2436 daAuts
    D:10: 1781 daAuts
     D:4: 1602 daAuts
  Lair:2: 1481 daAuts
     D:8: 1451 daAuts
    D:11: 1442 daAuts
     D:5: 1409 daAuts
  Lair:1: 1409 daAuts
     D:9: 1227 daAuts
   Orc:1: 1153 daAuts
     D:7: 1068 daAuts
     D:6: 965 daAuts
  Lair:4: 933 daAuts
